[Event "56th Rubinstein Memorial C 2020"]
[Site "Polanica Zdroj"]
[Date "2020.08.23"]
[Round "9.10"]
[White "Lambrecht, Tomasz"]
[Black "Szopa, Emilia"]
[Result "1-0"]
[ECO "A59"]
[WhiteElo "1750"]
[BlackElo "1628"]
[Annotator "NA"]
[PlyCount "91"]
[EventDate "2020.08.15"]
[EventType "swiss"]
[EventCountry "POL"]
[SourceTitle "playchess.com"]
[Source "ChessBase"]
[SourceQuality "1"]
[TimeControl "40/5400+30:1800+30"]

1. d4 Nf6 2. c4 c5 3. d5 b5 4. cxb5 a6 5. bxa6 Bxa6 6. Nc3 d6 7. e4 Bxf1 8. Kxf1 g6 9. g3 Bg7 10. Kg2 O-O 11. Nf3 Nbd7 12. a4 Qb6 13. Qc2 Rfb8 14. Nb5 Ne8 15. Nd2 Nc7 16. Nc4 Qb7 17. Nxc7 Qxc7 18. Bd2 Ne5 19. Nxe5 Bxe5 20. Rab1 c4 21. Rhc1 Rc8 22. Bc3 Bxc3 23. bxc3 Qa5 24. Rb4 Rab8 25. Rcb1 Qa7 26. Qa2 Rxb4 27. Rxb4 Qa6 28. h4 e6 29. Qd2 Rc5 30. dxe6 fxe6 31. Rb8+ Kg7 32. Qf4 Rc8 33. Rxc8 Qxc8 34. Qxd6 Kf7 35. Qf4+ Kg8 36. Qe5 Kf7 37. h5 gxh5 38. Qxh5+ Kg7 39. Qe5+ Kf7 40. a5 Qc6 41. Qd4 Kg6 42. Kf3 Kf7 43. Qb6 Qd7 44. a6 Qd3+ 45. Qe3 Qd1+ 46. Kg2 1-0

[Event "56th Rubinstein Memorial C 2020"]
[Site "Polanica Zdroj"]
[Date "2020.08.23"]
[Round "9.11"]
[White "Kawalko, Adam"]
[Black "Krzyzosiak, Marta"]
[Result "1-0"]
[ECO "B76"]
[WhiteElo "1950"]
[BlackElo "1565"]
[Annotator "NA"]
[PlyCount "93"]
[EventDate "2020.08.15"]
[EventType "swiss"]
[EventCountry "POL"]
[SourceTitle "playchess.com"]
[Source "ChessBase"]
[SourceQuality "1"]
[TimeControl "40/5400+30:1800+30"]

1. e4 c5 2. Nf3 d6 3. d4 cxd4 4. Nxd4 Nf6 5. Nc3 g6 6. Be3 Bg7 7. f3 O-O 8. Qd2 Nc6 9. O-O-O d5 10. Nxc6 bxc6 11. exd5 Nxd5 12. Nxd5 cxd5 13. Qxd5 Qxd5 {[%emt 0:00:43] B76: Sicilian Dragon: Yugoslav Attack, 9 g4 and 9 0-0-0.} 14. Rxd5 a5 15. Rc5 Be6 16. Bc4 Rfb8 17. c3 Bxc4 18. Rxc4 {[%emt 0:00:45] [#]} Rb5 $146 ({Predecessor:} 18... a4 19. Kc2 Rb7 20. a3 Rb3 21. Bc5 Rb5 22. Bd4 Bh6 23. Re1 e6 24. Re5 Rb7 {1-0 (50) Lopez Nocera,V (2004)-Alegre,E Villa Martelli 2006}) 19. Rc5 Rab8 (19... Rxc5 $16 {was worth a try.} 20. Bxc5 e6) 20. Rxb5 Rxb5 21. Rd1 f5 22. Kc2 Kf7 (22... Re5 {was necessary.}) 23. b3 Be5 24. c4 $18 Rb7 25. Rd5 Bc7 26. f4 Ke6 27. Kc3 Bd6 28. g3 Rb8 29. a4 Bb4+ 30. Kc2 Rb7 31. Bc5 Bxc5 32. Rxc5 Ra7 33. Kc3 Kd6 34. Kd4 Rb7 35. Rb5 Ra7 36. c5+ Kc6 37. Rb6+ Kc7 38. Re6 Kd7 39. Kd5 Ra8 40. Rb6 Ra7 41. h3 Ra8 42. Rb7+ Kd8 43. c6 Ra6 44. Kc5 Ra8 45. Kb6 Rc8 46. Rd7+ Ke8 47. Kb7 1-0

[Event "56th Rubinstein Memorial C 2020"]
[Site "Polanica Zdroj"]
[Date "2020.08.23"]
[Round "9.12"]
[White "Ciborowski, Konrad Jr"]
[Black "Raclawicki, Kacper"]
[Result "1-0"]
[ECO "A45"]
[WhiteElo "1464"]
[BlackElo "1879"]
[Annotator "NA"]
[PlyCount "59"]
[EventDate "2020.08.15"]
[EventType "swiss"]
[EventCountry "POL"]
[SourceTitle "playchess.com"]
[Source "ChessBase"]
[SourceQuality "1"]
[TimeControl "40/5400+30:1800+30"]

1. d4 Nf6 2. Bf4 d5 3. e3 c5 4. c3 Bf5 5. Bd3 {[%emt 0:01:00] [#]} Bg6 $146 ({Predecessor:} 5... Bxd3 6. Qxd3 c4 7. Qc2 e6 8. Nd2 Nc6 9. e4 b5 10. e5 Nd7 11. a3 a5 {0-1 (72) Degiorgis,G-Stotskaja,E (2030) Minsk 2019}) 6. h3 {[%emt 0:02:39] D00: 1 d4 d5: Unusual lines.} e6 7. Bxg6 hxg6 8. Nf3 Nc6 9. Nbd2 Bd6 10. Bxd6 Qxd6 11. dxc5 Qxc5 12. Nb3 Qe7 13. Nbd4 O-O 14. O-O Ne4 15. Nd2 (15. c4 $5) 15... Nd6 16. Qe2 a6 17. Rfd1 Rfc8 18. N4f3 b5 19. e4 dxe4 20. Nxe4 Nc4 {[%emt 0:00:30] [#]} 21. a4 $1 N6a5 22. axb5 Nb3 $2 (22... axb5 $16 {is more resistant.} 23. Nd4 b4) 23. Rxa6 Rxa6 24. bxa6 f5 25. Ned2 $18 Nbxd2 26. Nxd2 Nxb2 27. Rb1 Na4 28. Rb7 Nxc3 29. Qe5 Qf6 30. Qxf6 1-0

[Event "56th Rubinstein Memorial C 2020"]
[Site "Polanica Zdroj"]
[Date "2020.08.23"]
[Round "9.13"]
[White "Raczek, Krzysztof"]
[Black "Halhoul, Adam"]
[Result "0-1"]
[ECO "A52"]
[WhiteElo "1712"]
[BlackElo "1579"]
[Annotator "NA"]
[PlyCount "134"]
[EventDate "2020.08.15"]
[EventType "swiss"]
[EventCountry "POL"]
[SourceTitle "playchess.com"]
[Source "ChessBase"]
[SourceQuality "1"]
[TimeControl "40/5400+30:1800+30"]

1. d4 Nf6 2. c4 e5 3. dxe5 Ng4 4. Bf4 Nc6 5. Nf3 Bb4+ 6. Nbd2 Qe7 7. a3 Ngxe5 8. Nxe5 Nxe5 9. e3 Bxd2+ 10. Qxd2 d6 11. Be2 O-O 12. Qc3 b6 13. Bg3 Bb7 14. f3 Rfe8 15. O-O h5 16. e4 h4 17. Bxe5 Qxe5 18. Qxe5 Rxe5 19. Bd3 h3 20. g4 g6 21. Kf2 Kg7 22. Kg3 Rae8 23. Rad1 f5 24. exf5 gxf5 25. Bxf5 Re3 26. Rd3 Ba6 27. Rxe3 Rxe3 28. Kxh3 Bxc4 29. Rf2 d5 30. Kg3 d4 31. g5 Be2 32. Kf4 Re7 33. Be4 Rf7+ 34. Kg4 d3 35. h4 Re7 36. Bxd3 Bxd3 37. f4 Be2+ 38. Kg3 Bh5 39. f5 Re3+ 40. Kg2 Rd3 41. Rc2 c5 42. b4 Rd5 43. bxc5 bxc5 44. f6+ Kf7 45. Kg3 Ke6 46. Kf4 Rf5+ 47. Kg3 Kd6 48. Rb2 Kc7 49. Rc2 Kc6 50. Rc3 a5 51. a4 Kb6 52. Rb3+ Kc6 53. Rb5 Rf3+ 54. Kg2 Rf4 55. Rxa5 Rxh4 56. Ra7 Rg4+ 57. Kh3 Rxg5 58. Kh4 Rf5 59. a5 c4 60. a6 Bf3 61. Rb7 Rxf6 62. Rb8 Kc7 63. Rb4 Bd5 64. Ra4 c3 65. Ra3 c2 66. Ra1 Rh6+ 67. Kg3 Rh1 0-1

[Event "56th Rubinstein Memorial C 2020"]
[Site "Polanica Zdroj"]
[Date "2020.08.23"]
[Round "9.14"]
[White "Lewandowski, Wiktor"]
[Black "Straszewski, Tomasz"]
[Result "1/2-1/2"]
[ECO "C58"]
[WhiteElo "1855"]
[BlackElo "1716"]
[Annotator "NA"]
[PlyCount "80"]
[EventDate "2020.08.15"]
[EventType "swiss"]
[EventCountry "POL"]
[SourceTitle "playchess.com"]
[Source "ChessBase"]
[SourceQuality "1"]
[TimeControl "40/5400+30:1800+30"]

1. e4 e5 2. Nf3 Nc6 3. Bc4 Nf6 4. Ng5 d5 5. exd5 Na5 6. d3 Bg4 {[%emt 0:03:58] C58: Two Knights: 4 Ng5 d5 5 exd5 Na5 sidelines.} 7. f3 Nxc4 8. dxc4 Bf5 9. Qe2 Bd6 (9... h6 $11) 10. O-O O-O 11. Nc3 {[%emt 0:00:54] [#]} Re8 $146 ({Predecessor:} 11... Bg6 12. Kh1 Nh5 13. Nge4 f5 14. Nxd6 cxd6 15. f4 e4 16. Nb5 a6 17. Nd4 Qh4 {1-0 (41) Juarez Flores,C (2415)-Barrios,R (2155) San Salvador 1995}) 12. Nge4 Nxe4 13. Nxe4 Bf8 14. Be3 b6 15. Rad1 Bg6 16. Kh1 h6 17. c3 (17. g4 $16) 17... a5 (17... f5 $11 {remains equal.} 18. Nf2 Bd6) 18. b3 f5 19. Nf2 Bd6 20. Nd3 Bh7 ({Better is} 20... f4 $11 21. Bc1 Qh4) 21. Bg1 e4 22. fxe4 Rxe4 23. Qf3 $11 Qg5 24. c5 bxc5 25. Nxc5 Rf4 26. Qe3 Rxf1 27. Rxf1 f4 28. Qe6+ Kh8 29. Ne4 Bxe4 30. Qxe4 a4 31. c4 axb3 32. axb3 Ra2 33. Bd4 Qh5 34. h3 f3 35. Rxf3 Qg5 36. Re3 Rd2 37. Re1 Qg3 38. Bg1 Rxg2 39. Qxg2 Qxe1 40. Qf3 Bc5 1/2-1/2

[Event "56th Rubinstein Memorial C 2020"]
[Site "Polanica Zdroj"]
[Date "2020.08.23"]
[Round "9.15"]
[White "Zalega, Maciej"]
[Black "Vanduyfhuys, Igor"]
[Result "1-0"]
[ECO "B15"]
[WhiteElo "1743"]
[BlackElo "1776"]
[Annotator "NA"]
[PlyCount "77"]
[EventDate "2020.08.15"]
[EventType "swiss"]
[EventCountry "POL"]
[SourceTitle "playchess.com"]
[Source "ChessBase"]
[SourceQuality "1"]
[TimeControl "40/5400+30:1800+30"]

1. e4 c6 2. d4 d5 3. Nc3 dxe4 4. Nxe4 Nf6 5. Nxf6+ exf6 6. c3 Bd6 7. Bd3 O-O 8. Ne2 Re8 9. Qc2 g6 10. O-O Nd7 11. Re1 Qc7 12. g3 c5 13. Bf4 cxd4 14. cxd4 Bxf4 15. Nxf4 Rxe1+ 16. Rxe1 Qd8 17. Nd5 Nf8 18. Ne7+ Kg7 19. d5 Be6 20. Qc5 b6 21. Qc6 Qxe7 22. Qxa8 Qb4 23. Rb1 Bh3 24. Qc6 Nd7 25. Qc4 Qd2 26. Qc3 Qg5 27. Be4 Nc5 28. f4 Qh5 29. Bf3 Qf5 30. Re1 h5 31. b4 Nb7 32. Be4 Qg4 33. Qc7 h4 34. Kf2 hxg3+ 35. hxg3 g5 36. fxg5 Qxg5 37. Qf4 Nd6 38. Bf3 Qxf4 39. gxf4 1-0